 Dungeon Crawl Stone Soup version 0.31.0-32-g396128a36d (webtiles) character file.

Game seed: 12453648512529741159

18 Silvore the Trooper (level 2, -1/27 HPs)
             Began as a Minotaur Fighter on Mar 30, 2024.
             Slain by a gnoll
             ... wielding a +0 club
              (4 damage)
             ... on level 1 of the Dungeon.
             The game lasted 00:00:59 (315 turns).

Silvore the Trooper (Minotaur Fighter)               Turns: 315, Time: 00:01:00

Health: -1/27      AC:  7    Str: 20    XL:     2   Next: 51%
Magic:  1/1        EV:  9    Int:  5    God:
Gold:   19         SH:  4    Dex:  9    Spells: 1/1 levels left

rFire   . . .        a - +0 flail
rCold   . . .        c - +0 buckler
rNeg    . . .        b - +0 scale mail
rPois   .            (helmet restricted)
rElec   .            (no cloak)
rCorr   .            (no gloves)
SInv    .            (no boots)
Will    .....        e - amulet of regeneration Stlth
                     (no ring)
HPRegen 1.04/turn    (no ring)
MPRegen 0.07/turn

%: no passive effects
@: lethally poisoned (-1 -> -7)
A: horns 2, retaliatory headbutt
a: no special abilities


You were on level 1 of the Dungeon.
You visited 1 branch of the dungeon, and saw 1 of its levels.

You collected 19 gold pieces.

Inventory:

Hand Weapons
 a - a +0 flail (weapon)
Armour
 b - a +0 scale mail (worn)
 c - a +0 buckler (worn)
Jewellery
 e - an amulet of regeneration (around neck)
Scrolls
 g - a scroll of amnesia {unknown}
 h - a scroll of teleportation {unknown}
Potions
 d - 2 potions of might
 f - a potion of heal wounds {unknown}


   Skills:
 + Level 4.1 Fighting
 + Level 2.8 Maces & Flails
 + Level 3.8 Armour
 + Level 3.8 Shields


You had one spell level left.
You didn't know any spells.
Your spell library was empty.

Dungeon Overview and Level Annotations

Branches:
Dungeon (1/15)

Altars:

Shops:
D:1 *


Innate Abilities, Weirdness & Mutations

You have a pair of horns on your head.
You reflexively headbutt those who attack you in melee.


Message History

There is a fountain of clear blue water here.
You see here a +0 club.
You see here a +0 club.
Found a whip.
A goblin comes into view. It is wielding a +2 dagger of venom.
The goblin shouts!
A gnoll comes into view. It is wielding a +0 club.
There are monsters nearby!
An endoplasm comes into view.
The gnoll shouts!
The endoplasm quivers.
The endoplasm moves out of view.
You see here a scroll labelled IWNUCUVVIV.
The goblin hits you with a +2 dagger of venom.
You are poisoned.
The endoplasm hits you but does no damage.
You barely miss the goblin.
You feel very sick.
A nearby plant withers and dies.
The gnoll hits you with a +0 club. The endoplasm freezes you.
You are frozen.
You block the goblin's attack.
You hit the goblin.
The goblin is moderately wounded.
You feel very sick. The gnoll closely misses you. The endoplasm freezes you.
You are frozen.
The goblin completely misses you.
You hit the endoplasm but do no damage.
You feel sick. You block the gnoll's attack.
The endoplasm hits you but does no damage.
The goblin closely misses you.
You hit the endoplasm.
You kill the endoplasm!
You feel sick.
The goblin hits you with a +2 dagger of venom.
You are more poisoned.
The gnoll hits you with a +0 club!
* * * LOW HITPOINT WARNING * * *
The gnoll hits you with a +0 club.
You die... ##......... #..PPPPP... #.PPPP.PP..

# #.PP...PP.. #
#.P....PP.. #
#)P.....P.. #
#..ggP.PP.. ####
#..@PPP.... ##.#
#.......... ##.########
#.?#..###.#
..........#####.##.###.
..)######.....#.##..!..
.#..#########..........
.##....# ###..#.....
.#####.# ##...#...# .#
#.## #####..##...


You could see a gnoll and a goblin.

Vanquished Creatures
  2 dart slugs (D:1)
  A ball python (D:1)
  2 bats (D:1)
  3 endoplasms (D:1)
  A goblin (D:1)
  2 hobgoblins (D:1)
  A quokka (D:1)
  A kobold (D:1)
  A rat (D:1)
14 creatures vanquished.

Notes
Turn   | Place    | Note
-------+----------+-------------------------------------------
     0 | D:1      | Silvore the Minotaur Fighter began the quest for the Orb.
     0 | D:1      | Reached XP level 1. HP: 19/19 MP: 0/0
   159 | D:1      | Reached XP level 2. HP: 27/27 MP: 1/1
   179 | D:1      | Reached skill level 4 in Fighting
   261 | D:1      | Found Kagin's General Store.
   315 | D:1      | Slain by a gnoll

Illustrated notes

Levels and vault maps discovered:
D:1:      dpeg_arrival_short_road, layout_rooms, serial_shops, shop_fountains,
          nicolae_grassy_gnolls

Skill      XL: |  1  2 |
---------------+-------+-----
Fighting       | 4 |  4.1
Maces & Flails | |  2.8
Armour         | |  3.8
Shields        | |  3.8

Action                     || total
---------------------------++-------
  Melee: Flail             ||    30
         Headbutt          ||     4
 Armour: Scale mail        ||    21
  Dodge: Dodged            ||    14
  Block: Buckler           ||     4
